 Dungeon Crawl Stone Soup version 0.28.0 (webtiles) character file.

Game seed: 11851573076863004841

1572 Palewisp the Sneak (level 8, -1/37 HPs)
             Began as a Spriggan Enchanter on Feb 10, 2022.
             Was a Follower of Okawaru.
             Slain by a wyvern zombie (14 damage)
             ... on level 6 of the Dungeon.
             The game lasted 01:40:05 (6664 turns).

Palewisp the Sneak (Spriggan Enchanter)             Turns: 6664, Time: 01:40:06

Health: -1/37      AC:  3    Str:  4    XL:     8   Next: 59%
Magic:  13/13      EV: 17    Int: 19    God:    Okawaru [*.....]
Gold:   314        SH:  0    Dex: 15    Spells: 1/13 levels left

rFire   . . .      SeeInvis +   k - +1 dagger (drain)
rCold   . . .      Faith    .   (no shield)
rNeg    . . .      Spirit   .   e - +0 robe
rPois   .          Reflect  .   (helmet restricted)
rElec   .          Harm     .   c - +0 cloak
rCorr   .          Rampage  .   (gloves unavailable)
Will    +....                   (boots unavailable)
Stlth   ++++......              f - amulet of regeneration
HPRegen 0.92/turn               (no ring)
MPRegen 0.13/turn               (no ring)

@: very quick
A: very small, no large weapons, unfitting armour, see invisible, speed 3
a: Renounce Religion, Heroism


You were on level 6 of the Dungeon.
You worshipped Okawaru.
Okawaru was aware of your devotion.
You visited 2 branches of the dungeon, and saw 7 of its levels.

You collected 314 gold pieces.

Inventory:

Hand Weapons
 a - a +0 short sword
 b - a +2 spear of venom
 h - a +0 hunting sling
 i - a +2 vorpal mace
 j - a +0 whip of electrocution
 k - a +1 dagger of draining (weapon)
Missiles
 m - 4 throwing nets
 p - 4 poisoned darts
 x - 4 boomerangs (quivered)
 E - 64 bolts
 F - 29 arrows
 G - 231 stones
Armour
 c - a +0 cloak (worn)
 d - the +2 buckler of Ikirofel {Harm rPois Int-4}
   (You found it on level 3 of the Dungeon)

   Int:       It affects your intelligence (-4).
   rPois:     It protects you from poison.
   Harm:      It increases damage dealt and taken.
 e - a +0 robe (worn)
Magical Staves
 z - a staff of fire
Jewellery
 f - an amulet of regeneration (around neck)
 g - a ring of fire
Wands
 l - a wand of flame (9)
 n - a wand of iceblast (12)
 q - a wand of mindburst (4)
Scrolls
 o - a scroll of amnesia {unknown}
 r - a scroll of immolation
 M - a scroll of vulnerability {unknown}
 N - a scroll of brand weapon {unknown}
 O - a scroll of summoning {unknown}
 P - a scroll of enchant armour {unknown}
 Q - a scroll of magic mapping {unknown}
 R - 2 scrolls of fear {unknown}
 S - 3 scrolls of blinking {unknown}
 T - 4 scrolls of identify {unknown}
Potions
 A - 4 potions of curing
 B - 2 potions of invisibility
 U - 2 potions of heal wounds {unknown}
 V - a potion of magic {unknown}
 W - a potion of attraction {unknown}
 X - a potion of degeneration {unknown}
 Y - a potion of haste {unknown}
 Z - 2 potions of mutation {unknown}


   Skills:
 - Level 1.0 Fighting
 - Level 3.0 Short Blades
 - Level 3.0 Dodging
 - Level 7.1 Stealth
 * Level 4.2 Shields
 - Level 3.0 Spellcasting
 - Level 6.0 Hexes
 - Level 5.0 Transmutations
 - Level 2.0 Ice Magic
 - Level 2.0 Air Magic
 - Level 2.0 Earth Magic
 + Level 2.0 Poison Magic
 - Level 1.1 Invocations


You had one spell level left.
You knew the following spells:

 Your Spells              Type           Power      Damage    Failure   Level
a - Poisonous Vapours     Pois/Air       20%        N/A       10%         2
q - Passwall              Tmut/Erth      13%        N/A       5%          2
w - Tukima's Dance        Hex            25%        N/A       3%          3
x - Confusing Touch       Hex            25%        N/A       3%          3
z - Ensorcelled Hibernat  Hex/Ice        36%        N/A       4%          2

Your spell library contained the following spells:

 Spells                   Type           Power      Damage    Failure   Level
 Sandblast                Erth           20%        2d7       7%          1
 Dazzling Flash           Conj/Hex       28%        N/A       13%         3
 Corpse Rot               Necr/Air       12%        N/A       16%         2
 Stone Arrow              Conj/Erth      12%        3d7       30%         3


Dungeon Overview and Level Annotations

Branches:
Dungeon (6/15)             Temple (1/1) D:5

Altars:
Ashenzari
Dithmenos
Elyvilon
Fedhas
Hepliaklqana
Kikubaaqudgha
Makhleb
Nemelex Xobeh
Okawaru
Qazlal
Ru
Trog
Uskayaw
Vehumet
Wu Jian
Yredelemnul
Zin
The Shining One

Annotations:
D:3 Natasha
D:5 2 transporters, Jazqba's ghost, amateur DrBe


Innate Abilities, Weirdness & Mutations

You are very small and have problems with some larger weapons.
You are too small for most types of armour.
You have supernaturally acute eyesight. (SInv)
You cover ground extremely quickly. (Speed+++)


Message History

You hit the wyvern zombie but do no damage.
You punch the wyvern zombie, but do no damage.
The wyvern zombie is severely damaged.
The wyvern zombie closely misses you. The wyvern zombie misses you.
You hit the wyvern zombie.
The wyvern zombie is severely damaged.
The wyvern zombie misses you.
You barely miss the wyvern zombie.
The wyvern zombie is severely damaged.
The wyvern zombie closely misses you.
You hit the wyvern zombie.
The wyvern zombie is severely damaged.
The wyvern zombie misses you.
You hit the wyvern zombie.
The wyvern zombie is almost destroyed.
The wyvern zombie bites you!
Throw: 4 boomerangs
Press: ? - help, Q - select action, (/) - cycle Shift-Dir - straight line, f/p - wyvern zombie
Aim: a wyvern zombie (almost destroyed, 77% to hit)
You throw a boomerang.
The boomerang barely misses the wyvern zombie.
You hit the wyvern zombie but do no damage.
The wyvern zombie is almost destroyed.
The wyvern zombie barely misses you.
You hit the wyvern zombie.
The wyvern zombie is almost destroyed.
The wyvern zombie barely misses you.
You hit the wyvern zombie. You punch the wyvern zombie.
The wyvern zombie is almost destroyed.
The wyvern zombie bites you.
You barely miss the wyvern zombie.
The wyvern zombie is almost destroyed.
The wyvern zombie completely misses you.
You barely miss the wyvern zombie.
The wyvern zombie is almost destroyed.
The wyvern zombie completely misses you.
You hit the wyvern zombie but do no damage.
The wyvern zombie is almost destroyed.
The wyvern zombie bites you! x2
You die...

#....# ##..#....## ##..##
###.........#
##....####...#.).)..[#
#.....#......###.....#
#...........###.....###
#.##......#...........#
..........######..#...#
..........##...#Z.##.##
...........#...'@.....#
..........##...#..#...#
..........######.######
......#...............###
#..##.##...........#....#
##.##..#...........#...##
........................#
...#....................##
...#...................>.###


You could see a wyvern zombie.

Vanquished Creatures
  The ghost of saveriu the Chopper, a novice HOFi of Trog (D:6)
  A water moccasin (D:6)
  A sky beast (D:6)
  2 ogres
  3 scorpions
  A hound (D:6)
  A jelly (D:5)
  A bullfrog skeleton (D:6)
  Jessica (D:2)
  2 orc wizards
  An iguana (D:4)
  Natasha (twice) (D:3)
  A hound zombie (D:5)
  Robin (D:3)
  7 adders
  7 gnolls
  2 shadow imps (D:5)
  An ufetubus (D:5)
  2 worms
  2 dart slugs (D:4)
  15 orcs
  4 ball pythons
  4 bats
  2 endoplasms
  4 giant cockroaches
  13 goblins
  17 hobgoblins
  10 jackals
  4 quokkas
  8 frilled lizards
  4 kobolds
  6 rats
131 creatures vanquished.

Vanquished Creatures (collateral kills)
  Terence (D:3)
  2 orcs (D:3)
3 creatures vanquished.

Vanquished Creatures (others)
  A dancing weapon (D:5)
1 creature vanquished.

Grand Total: 135 creatures vanquished

Notes
Turn   | Place    | Note
-------+----------+-------------------------------------------
     0 | D:1      | Palewisp the Spriggan Enchanter began the quest for the
                  | Orb.
     0 | D:1      | Reached XP level 1. HP: 9/9 MP: 5/5
   358 | D:1      | Reached XP level 2. HP: 7/13 MP: 6/6
   361 | D:1      | Learned a level 2 spell: Ensorcelled Hibernation
   543 | D:1      | Reached skill level 5 in Stealth
  1018 | D:2      | Reached XP level 3. HP: 16/16 MP: 8/8
  1022 | D:2      | Learned a level 3 spell: Tukima's Dance
  1145 | D:2      | Reached skill level 6 in Stealth
  1145 | D:2      | Reached skill level 1 in Ice Magic
  1177 | D:2      | Noticed Jessica
  1210 | D:2      | Killed Jessica
  1211 | D:2      | Reached XP level 4. HP: 15/21 MP: 0/9
  2077 | D:2      | Reached skill level 7 in Stealth
  2283 | D:3      | Noticed Natasha
  2289 | D:3      | Noticed a scorpion
  2315 | D:3      | Noticed Terence
  2357 | D:3      | Killed Terence
  2358 | D:3      | Reached XP level 5. HP: 12/24 MP: 3/10
  2410 | D:3      | Learned a level 3 spell: Confusing Touch
  2564 | D:3      | Noticed Robin
  2597 | D:3      | Killed Robin
  2821 | D:3      | Identified the +2 buckler of Ikirofel {Harm rPois Int-4}
  2834 | D:3      | Reached skill level 5 in Hexes
  3206 | D:3      | Killed Natasha
  3207 | D:3      | Reached XP level 6. HP: 15/28 MP: 9/11
  3276 | D:3      | Noticed Natasha
  3390 | D:3      | Killed Natasha
  3405 | D:3      | Noticed Natasha
  3512 | D:4      | Learned a level 2 spell: Passwall
  3647 | D:4      | Reached skill level 1 in Transmutations
  3664 | D:4      | Reached skill level 1 in Invocations
  3667 | D:4      | Reached skill level 1 in Earth Magic
  4480 | D:5      | Entered Level 5 of the Dungeon
  4496 | D:5      | Reached skill level 1 in Shields
  4643 | D:5      | Reached XP level 7. HP: 32/32 MP: 1/12
  4780 | D:5      | Found a staircase to the Ecumenical Temple.
  4789 | Temple   | Entered the Ecumenical Temple
  4930 | Temple   | Became a worshipper of Warmaster Okawaru
  4966 | D:5      | Learned a level 2 spell: Poisonous Vapours
  5001 | D:5      | Found a transporter.
  5005 | D:5      | Noticed Jazqba's ghost (amateur DrBe)
  5032 | D:5      | Found a transporter.
  5287 | D:6      | Reached skill level 1 in Poison Magic
  5295 | D:6      | Found a runed translucent door.
  5296 | D:6      | Noticed saveriu's ghost (novice HOFi)
  5410 | D:6      | Reached skill level 1 in Air Magic
  5735 | D:6      | Reached * piety under Okawaru
  5736 | D:6      | Reached skill level 1 in Fighting
  5765 | D:6      | Reached XP level 8. HP: 37/37 MP: 3/13
  6293 | D:6      | HP: 1/37 [saveriu's ghost (1)]
  6543 | D:6      | Killed saveriu's ghost
  6544 | D:6      | Reached skill level 5 in Transmutations
  6664 | D:6      | Slain by a wyvern zombie

Illustrated notes

Levels and vault maps discovered:
D:1:      dpeg_arrival_stonehenge_8_columns, layout_basic
D:2:      layout_basic, uniq_jessica
D:3:      layout_loops_cross, amethyst_killhole, uniq_terence, uniq_natasha,
          uniq_robin
D:4:      layout_layer_cave, minmay_goblin_kobold_house
D:5:      layout_rooms, minmay_temple_entry_drinking_statues,
          gammafunk_ghost_mausoleum, solitary_fountain
D:6:      kennysheep_housing_project, layout_cave_pools,
          ebering_ghost_inner_flame, chequers_arboretum,
          chequers_serial_rivers_small_b
Temple:   hc_temple_tempest_star

Skill      XL: |  1  2  3  4  5  6  7  8 |
---------------+-------------------------+-----
Stealth        | 5 6 7 |  7.1
Hexes          | 4 5 6 |  6.0
Ice Magic      | 1 2 |  2.0
Dodging        | 3 |  3.0
Spellcasting   | 3 |  3.0
Short Blades   | 2 3 |  3.0
Transmutations | 2 3 5 |  5.0
Invocations    | 1 |  1.1
Earth Magic    | 1 2 |  2.0
Shields        | 1 2 4 |  4.2
Poison Magic   | 1 2 |  2.0
Air Magic      | 1 2 |  2.0
Fighting       | 1 |  1.0

Action                   |  1- 3 |  4- 6 |  7- 9 || total
-------------------------+-------+-------+-------++-------
Melee: Dagger            |    36 |    47 |    33 ||   116
       Short sword       |    18 |    55 |    26 ||    99
       Mace              |       |    45 |    16 ||    61
       Whip              |       |    33 |     4 ||    37
       Spear             |       |    36 |   167 ||   203
       Punch             |       |       |     4 ||     4
Throw: Stone             |       |     6 |       ||     6
       Boomerang         |       |     7 |    12 ||    19
 Cast: Ensorcelled Hiber |    10 |    46 |    27 ||    83
       Tukima's Dance    |       |     3 |       ||     3
       Confusing Touch   |       |     3 |     1 ||     4
       Passwall          |       |       |     1 ||     1
 Stab: Sleeping          |    20 |    29 |    14 ||    63
       Confused          |       |     2 |     1 ||     3
       Distracted        |       |       |     1 ||     1
Armor: Robe              |       |     9 |     8 ||    17
Dodge: Dodged            |    38 |   140 |    63 ||   241
